 Dungeon Crawl Stone Soup version 0.27.0-1-g7a089689b8 (webtiles) character file.

Game seed: 3918191623483217677

75 avis the Grave Robber (level 4, 0/36 HPs)
             Began as a Deep Dwarf Necromancer on Aug 11, 2021.
             Was an Initiate of Makhleb.
             Slain by an ogre (18 damage)
             ... on level 3 of the Dungeon.
             The game lasted 00:14:16 (2237 turns).

avis the Grave Robber (Deep Dwarf Necromancer)      Turns: 2237, Time: 00:14:17

Health: 0/36       AC:  3    Str: 13    XL:     4   Next: 11%
Magic:  0/8        EV: 12    Int: 15    God:    Makhleb [......]
Gold:   11         SH:  0    Dex: 13    Spells: 5/9 levels left

rFire    . . .     SeeInvis .   a - staff of death
rCold    . . .     Faith    .   (no shield)
rNeg     + . .     Spirit   .   t - +0 leather armour
rPois    .         Reflect  .   (no helmet)
rElec    .         Harm     .   (no cloak)
rCorr    .         Rampage  .   (no gloves)
Will     .....                  (no boots)
Stlth    ++........             (no amulet)
HPRegen  0.00/turn              (no ring)
MPRegen  0.11/turn              (no ring)

@: no status effects
A: damage resistance, heal wounds, sense surroundings 1, no regeneration
a: Heal Wounds, Renounce Religion


You were on level 3 of the Dungeon.
You worshipped Makhleb.
Makhleb was noncommittal.
You visited 1 branch of the dungeon, and saw 3 of its levels.

You collected 109 gold pieces.
You spent 98 gold pieces at shops.

Inventory:

Hand Weapons
 b - a +0 hunting sling
 w - a +2 dagger of venom
Missiles
 c - a throwing net
 d - 58 stones
 g - 29 sling bullets
 i - 37 arrows
 r - 16 bolts
 u - 13 boomerangs
Armour
 f - a +0 robe
 s - a +0 ring mail
 t - a +0 leather armour (worn)
Magical Staves
 a - a staff of death (weapon)
Jewellery
 l - a ring of ice
Scrolls
 e - 2 scrolls of identify {unknown}
 h - 2 scrolls of noise {unknown}
 k - a scroll of enchant armour {unknown}
 m - a scroll of acquirement {unknown}
 n - a scroll of magic mapping {unknown}
Potions
 j - a potion of berserk rage {unknown}
 o - a potion of degeneration
 p - 2 potions of curing
 q - a potion of flight


   Skills:
 + Level 0.2 Staves
 - Level 2.1 Dodging
 - Level 2.4 Stealth
 - Level 3.0 Spellcasting
 * Level 5.2 Necromancy
 + Level 0.3 Invocations
 + Level 0.2 Evocations


You had 5 spell levels left.
You knew the following spells:

 Your Spells              Type           Power      Damage    Failure   Level
a - Pain                  Necr           100%       1d9       3%          1
d - Vampiric Draining     Necr           13%        2d7       9%          3

Your spell library contained the following spells:

 Spells                   Type           Power      Damage    Failure   Level
 Animate Skeleton         Necr           52%        N/A       3%          1
 Corona                   Hex            2%         N/A       26%         1
 Animate Dead             Necr           13%        N/A       30%         4
 Agony                    Necr           26%        N/A       63%         5


Dungeon Overview and Level Annotations

Branches:
Dungeon (3/15)

Altars:
Makhleb
Xom

Shops:
D:2 !


Innate Abilities, Weirdness & Mutations

You are resistant to damage.
You can heal yourself by infusing magical energy.
You passively map a small area around you.
You do not regenerate.


Message History

Confirm with . or Enter, or press ? or * to list all spells.
Aiming: Pain (safe; 3% risk of failure)
Press: ? - help, Shift-Dir - straight line, f/p - ogre
Aim: an ogre, wielding a +0 giant club (heavily wounded, chance to affect: 84%)
You feel a surge of power!
The ogre writhes in agony.
Casting: Pain (safe; 3% risk of failure)
Confirm with . or Enter, or press ? or * to list all spells.
Aiming: Pain (safe; 3% risk of failure)
Press: ? - help, Shift-Dir - straight line, f/p - ogre
Aim: an ogre, wielding a +0 giant club (heavily wounded, chance to affect: 84%)
You feel a surge of power!
The ogre writhes in agony.
Casting: Pain (safe; 3% risk of failure)
Confirm with . or Enter, or press ? or * to list all spells.
Aiming: Pain (safe; 3% risk of failure)
Press: ? - help, Shift-Dir - straight line, f/p - ogre
Aim: an ogre, wielding a +0 giant club (severely wounded, chance to affect: 84%)
You feel a surge of power!
The ogre writhes in agony.
The ogre hits you with a +0 giant club!
Casting: Pain (safe; 3% risk of failure)
Confirm with . or Enter, or press ? or * to list all spells.
You don't have enough magic to cast this spell.
The ogre hits you with a +0 giant club!
There is a stone staircase leading up here.
A frilled lizard comes into view.
Casting: Pain (safe; 3% risk of failure)
Confirm with . or Enter, or press ? or * to list all spells.
Aiming: Vampiric Draining (dangerous; 9% risk of failure)
Press: ? - help, Shift-Dir - straight line, f/p - ogre
Aim: an ogre, wielding a +0 giant club (severely wounded)
You feel a surge of power!
You draw life force from the ogre.
You feel life coursing into your body. The ogre completely misses you.
Casting: Vampiric Draining (dangerous; 9% risk of failure)
Confirm with . or Enter, or press ? or * to list all spells.
Aiming: Pain (safe; 3% risk of failure)
Press: ? - help, Shift-Dir - straight line, f/p - ogre
Aim: an ogre, wielding a +0 giant club (almost dead, chance to affect: 84%)
You feel a surge of power!
The ogre writhes in agony.
The ogre hits you with a +0 giant club!!
Ouch! That really hurt!
You die...

## ####. ######## #....
######......# #.##. ,
#...........# #.##.
#.####......#########.##. ,
..'<.....##.##.....##.
.#.##l.....##.##......#.
........@....#.#######.#.
..#..##.#O##.#........... ,
#.. #..g...#.#######.#< *
###..#####.#<#.#...# #.##
............#.#...# #... *,
*#####..###..#.#.#...######
,
......................>...
#######..#..#.#.#....#####
,,, ........#...#....#


You could see an ogre, a hobgoblin and a frilled lizard.

Vanquished Creatures
  3 adders (D:3)
  A worm (D:2)
  An orc (D:3)
  4 ball pythons
  4 endoplasms
  4 giant cockroaches
  4 goblins
  2 hobgoblins (D:1)
  4 jackals
  3 quokkas
  A frilled lizard (D:2)
  7 kobolds
  5 rats
43 creatures vanquished.

Vanquished Creatures (others)
  A fungus (D:1)
1 creature vanquished.

Grand Total: 44 creatures vanquished

Notes
Turn   | Place    | Note
-------+----------+-------------------------------------------
     0 | D:1      | avis the Deep Dwarf Necromancer began the quest for the
                  | Orb.
     0 | D:1      | Reached XP level 1. HP: 15/15 MP: 3/3
   146 | D:1      | Found a faded altar of an unknown god.
   154 | D:1      | Got Plato's Handbook of the Oath
   229 | D:1      | Reached XP level 2. HP: 20/22 MP: 0/5
  1280 | D:2      | Reached XP level 3. HP: 26/28 MP: 2/7
  1284 | D:2      | Learned a level 3 spell: Vampiric Draining
  1459 | D:2      | Found a shimmering altar of Xom.
  1749 | D:2      | Found Odghou Boggust's Distillery.
  1762 | D:2      | Bought a potion of degeneration for 14 gold pieces
  1762 | D:2      | Bought a potion of curing for 42 gold pieces
  1762 | D:2      | Bought a potion of flight for 42 gold pieces
  1952 | D:3      | Reached skill level 5 in Necromancy
  2041 | D:3      | Found a burning altar of Makhleb.
  2045 | D:3      | Became a worshipper of Makhleb the Destroyer
  2073 | D:3      | Reached XP level 4. HP: 36/36 MP: 4/8
  2199 | D:3      | Noticed an ogre
  2237 | D:3      | Slain by an ogre

Illustrated notes

Levels and vault maps discovered:
D:1:      scummos_arrival_gate, layout_basic, serial_glass, glass_columns_c,
          glass_columns_c, shapermc_ecumenical_altar_rom_forum,
          minmay_misc_feat_five
D:2:      layout_rooms, serial_glass, glass_columns_a, glass_columns_b,
          glass_columns_c, glass_columns_b, glass_columns_a, serial_shops, shop,
          basic_altar
D:3:      layout_basic, fedhas_altar_fruit_tree, mainiacjoe_overflow_24_doors

Skill      XL: |  1  2  3 |
---------------+----------+-----
Spellcasting   | 2 3 |  3.0
Necromancy     | 5 |  5.2
Staves         | |  0.2
Dodging        | |  2.1
Stealth        | |  2.4
Invocations    | |  0.3
Evocations     | |  0.2

Action                   |  1- 3 |  4- 6 || total
-------------------------+-------+-------++-------
 Fire: Hunting sling     |    19 |       ||    19
 Cast: Pain              |    53 |    12 ||    65
       Vampiric Draining |     1 |     1 ||     2
Armor: Robe              |     1 |       ||     1
Dodge: Dodged            |     2 |     1 ||     3
